 Dungeon Crawl Stone Soup version 0.32-a0-768-g0f6f1dd4b9 (webtiles) character file.

Game seed: 3946447229180016722

38946 Griffin23 the Fencer (level 13, -5/117 HPs)
             Began as a Minotaur Fighter on Mar 18, 2024.
             Was a High Priest of Okawaru.
             Slain by a blink frog (18 damage)
             ... on level 5 of the Lair of Beasts.
             The game lasted 00:47:20 (25995 turns).

Griffin23 the Fencer (Minotaur Fighter)            Turns: 25995, Time: 00:47:20

Health: -5/117     AC: 22    Str: 31    XL:     13   Next: 66%
Magic:  0/18       EV:  2    Int:  5    God:    Okawaru [*****.]
Gold:   54         SH:  0    Dex: 11    Spells: 12/12 levels left

rFire   . . .        h - +4 triple sword (vamp)
rCold   . . .        (shield currently unavailable)
rNeg    . . .        J - +0 plate armour
rPois   .            (helmet restricted)
rElec   .            F - +0 cloak
rCorr   .            (no gloves)
SInv    .            r - +0 pair of boots
Will    .....        j - amulet of guardian spirit Stlth
                     D - +4 ring of protection
HPRegen 0.39/turn    M - +6 ring of strength
MPRegen 0.16/turn

%: guardian spirit
@: sleeping
A: horns 2, retaliatory headbutt
a: Renounce Religion, Heroism, Finesse, Duel


You were on level 5 of the Lair of Beasts.
You worshipped Okawaru.
Okawaru was extremely pleased with you.
You visited 3 branches of the dungeon, and saw 17 of its levels.

You collected 964 gold pieces.
You spent 910 gold pieces at shops.

Inventory:

Hand Weapons
 a - a +0 long sword
 h - a +4 vampiric triple sword (weapon)
 K - a +2 falchion of holy wrath
Missiles
 C - a boomerang (quivered)
 N - a dart of dispersal
Armour
 b - a +1 scale mail
 c - a +0 buckler
 k - a +0 chain mail
 r - a +0 pair of boots (worn)
 F - a +0 cloak (worn)
 I - +0 acid dragon scales
 J - a +0 plate armour (worn)
Jewellery
 f - an amulet of magic regeneration
 j - an amulet of guardian spirit (around neck)
 p - a ring of protection from cold
 D - a +4 ring of protection (left hand)
 L - a +6 ring of dexterity
 M - a +6 ring of strength (right hand)
Wands
 t - a wand of iceblast (27)
 E - a wand of digging (4)
 O - a wand of polymorph (4)
Scrolls
 e - 2 scrolls of identify
 o - 2 scrolls of butterflies
 q - 4 scrolls of noise
 u - 3 scrolls of fear
 v - 5 scrolls of teleportation
 w - 2 scrolls of enchant weapon
 y - 5 scrolls of poison
 G - 3 scrolls of amnesia
 H - 2 scrolls of immolation
 Q - 2 scrolls of brand weapon {unknown}
 R - a scroll of enchant armour
 T - 3 scrolls of vulnerability {unknown}
Potions
 d - 2 potions of might
 g - 2 potions of mutation
 i - 2 potions of enlightenment
 l - a potion of brilliance
 m - 3 potions of cancellation
 s - a potion of invisibility
 x - 3 potions of lignification {unknown}
 z - 4 potions of attraction
 A - 3 potions of haste
 P - a potion of resistance {unknown}


   Skills:
 + Level 11.9 Fighting
 * Level 15.4 Long Blades
 + Level 5.2 Throwing
 + Level 11.9 Armour
 - Level 11.2 Shields
 + Level 8.0 Invocations
 + Level 7.2 Evocations


You had 12 spell levels left.
You didn't know any spells.
Your spell library contained the following spells:

 Spells                   Type           Power      Damage    Failure   Level
 Apportation              Tloc           0%         N/A       97%         1
 Kiss of Death            Conj/Necr      0%         2d5       97%         1
 Necrotise                Necr           0%         1d4       97%         1
 Sting                    Conj/Alch      0%         1d3       97%         1
 Confusing Touch          Hex            0%         N/A       100%        3
 Sigil of Binding         Hex            0%         N/A       100%        3
 Dimensional Bullseye     Hex/Tloc       0%         N/A       100%        4
 Dispel Undead            Necr           0%         3d6       100%        4
 Passage of Golubria      Tloc           0%         N/A       100%        4
 Alistair's Intoxication  Alch           0%         N/A       100%        5
 Borgnjor's Vile Clutch   Necr/Erth      0%         N/A       100%        5
 Silence                  Hex/Air        0%         N/A       100%        5
 Eringya's Noxious Bog    Alch           0%         4d6       100%        6
 Lehudib's Crystal Spear  Conj/Erth      0%         10d2      100%        8
 Summon Small Mammal      Summ           Unusable   N/A       N/A         1
 Call Canine Familiar     Summ           Unusable   N/A       N/A         3

Dungeon Overview and Level Annotations

Branches:
Dungeon (11/15)            Temple (1/1) D:5            Lair (5/5) D:10
  Swamp (0/4) Lair:3       Spider (0/4) Lair:2        Slime (0/5) Lair:5
    Orc (0/2) D:11

Altars:
Ashenzari
Cheibriados
Dithmenos
Elyvilon
Fedhas
Gozag
Hepliaklqana
Kikubaaqudgha
Makhleb
Nemelex Xobeh
Okawaru
Qazlal
Ru
Sif Muna
Trog
Uskayaw
Vehumet
Wu Jian
Xom
Yredelemnul
Zin
The Shining One
Beogh
Jiyva

Shops:
D:1 (   D:2 :!:   D:6 !   D:11 ?*(*

Annotations:
D:10 1 runed translucent door, Lightli's ghost, novice DrNe


Innate Abilities, Weirdness & Mutations

You have a pair of horns on your head.
You reflexively headbutt those who attack you in melee.


Message History

You feel strangely unstable.
The blink frog hits you but does no damage.
The blink frog blinks!
The dream sheep barely misses you. x2
The dream sheep headbutts you but does no damage.
The seven-headed hydra bites you but does no damage.
The seven-headed hydra barely misses you.
The seven-headed hydra bites you but does no damage. x2
The seven-headed hydra bites you.
* * * LOW HITPOINT WARNING * * *
The seven-headed hydra closely misses you.
The seven-headed hydra bites you but does no damage.
You lop one of the seven-headed hydra's heads off!
The six-headed hydra grows two more!
You hit the eight-headed hydra.
The eight-headed hydra is heavily wounded.
The blink frog hits you but does no damage.
The blink frog blinks! x2
The dream sheep headbutts you but does no damage.
The dream sheep barely misses you.
The eight-headed hydra bites you but does no damage. x2
The eight-headed hydra barely misses you.
The eight-headed hydra bites you but does no damage.
The eight-headed hydra bites you!
* * * LOW HITPOINT WARNING * * *
The eight-headed hydra misses you.
The eight-headed hydra bites you but does no damage.
The eight-headed hydra closely misses you.
The dream sheep barely misses you.
The dream sheep headbutts you but does no damage.
The blink frog hits you.
* * * LOW HITPOINT WARNING * * *
Okay, then.
Okay, then.
Blink to where?
Press: ? - help, Dir - move target, p - eight-headed hydra
As you read the scroll of blinking, it crumbles to dust.
The dream sheep shake their wool and sparkle.
You feel drowsy...
You fall asleep.
Your surroundings suddenly seem different.
The blink frog hits you!!
You die...

........##.Y.$...................
....F...........................
..........F.........#...........
.........FYY....................
........FYD......###...........
................##
.................#
................#
............F@..#
.................# ...........#
...........# .............
.............. ..............#
.............#.


You could see an eight-headed hydra, 4 blink frogs and 3 dream sheep.

Vanquished Creatures
  Josephine (D:10)
  2 hydras
  A two-headed ogre (D:11)
  3 death yaks (Lair:5)
  Nergalle (D:10)
  A skyshark (Lair:2)
  A pharaoh ant (Lair:2)
  An ugly thing (D:11)
  2 wolf spiders (Lair:3)
  A cyclops (D:11)
  A manticore (D:11)
  5 elephants (Lair:4)
  4 black mambas
  14 cane toads
  6 komodo dragons
  3 rime drakes
  3 trolls
  A tarantella (Lair:2)
  2 polar bears
  14 dream sheep
  5 wyverns
  8 wraiths
  A basilisk (Lair:1)
  A warg (Lair:5)
  36 yaks
  A steam dragon (D:9)
  A swamp worm (Lair:3)
  2 acid dragons
  16 water moccasins
  A swamp drake (D:11)
  2 ice beasts
  A black bear (D:7)
  10 orc warriors
  2 sky beasts (D:8)
  28 wolves
  6 ogres
  5 centaurs
  A phantom (D:4)
  9 bullfrogs
  4 scorpions (Lair:2)
  10 wights
  10 killer bees (D:7)
  9 electric eels
  5 howler monkeys
  6 lava snakes (Lair:4)
  2 jellies
  A bombardier beetle (D:6)
  9 orc priests
  4 hounds
  13 orc wizards
  2 iguanas
  13 hell rats
  7 gnolls
  8 adders
  3 river rats (D:6)
  A shadow imp (D:7)
  A white imp (D:5)
  2 ufetubi (D:7)
  5 ribbon worms
  A dart slug (D:3)
  66 orcs
  6 bats
  2 endoplasms (D:2)
  A giant cockroach (D:4)
  A goblin (D:1)
  5 hobgoblins
  2 jackals (D:4)
  4 kobolds
  2 quokkas
  11 ball pythons
  5 frilled lizards
  26 rats
450 creatures vanquished.

Vanquished Creatures (others)
  An orc wizard (D:10)
1 creature vanquished.

Grand Total: 451 creatures vanquished

Notes
Turn   | Place    | Note
-------+----------+-------------------------------------------
     0 | D:1      | Griffin23 the Minotaur Fighter began the quest for the Orb.
     0 | D:1      | Reached XP level 1. HP: 19/19 MP: 0/0
   261 | D:1      | Reached XP level 2. HP: 27/27 MP: 1/1
   291 | D:1      | Found Jugg's Weapon Shop.
   672 | D:2      | Found Biazec's Distillery.
   678 | D:2      | Bought a potion of curing for 33 gold pieces
   806 | D:2      | Found Seudagg's Book Shoppe.
   920 | D:2      | Reached skill level 3 in Long Blades
   965 | D:2      | Reached XP level 3. HP: 29/33 MP: 2/2
  1386 | D:2      | Reached XP level 4. HP: 40/40 MP: 3/3
  1817 | D:2      | Found Hoschiqi's Book Shoppe.
  2113 | D:3      | Reached skill level 4 in Long Blades
  2251 | D:3      | Reached XP level 5. HP: 12/47 MP: 4/4
  2828 | D:3      | Noticed an ice beast
  2853 | D:3      | Killed an ice beast
  2854 | D:3      | Reached skill level 5 in Long Blades
  2854 | D:3      | Reached skill level 5 in Shields
  2854 | D:3      | Reached XP level 6. HP: 7/55 MP: 5/5
  3516 | D:4      | Reached skill level 5 in Armour
  3596 | D:4      | Found a broken altar of Ashenzari.
  3617 | D:4      | Found a basalt altar of Yredelemnul.
  3622 | D:4      | Reached skill level 5 in Fighting
  4503 | D:5      | Entered Level 5 of the Dungeon
  4518 | D:5      | Noticed an ice beast
  4688 | D:4      | Killed an ice beast
  4690 | D:4      | Reached XP level 7. HP: 47/61 MP: 6/6
  4991 | D:5      | Found a staircase to the Ecumenical Temple.
  5015 | D:5      | Reached skill level 6 in Long Blades
  5029 | Temple   | Entered the Ecumenical Temple
  5481 | Temple   | Became a worshipper of Warmaster Okawaru
  6337 | D:5      | Reached * piety under Okawaru
  6338 | D:5      | Reached skill level 7 in Long Blades
  6532 | D:6      | Reached XP level 8. HP: 56/70 MP: 7/7
  6808 | D:2      | Bought 3 potions of heal wounds for 165 gold pieces
  7692 | D:6      | Found Bigroucs's Distillery.
  7716 | D:6      | Bought a potion of curing for 36 gold pieces
  7995 | D:7      | Reached skill level 8 in Long Blades
  8000 | D:7      | Reached skill level 1 in Invocations
  8061 | D:7      | Reached skill level 1 in Evocations
  9059 | D:8      | Reached ** piety under Okawaru
  9063 | D:8      | Reached XP level 9. HP: 57/79 MP: 5/9
  9378 | D:7      | Reached skill level 9 in Long Blades
 10265 | D:8      | Identified the +1 robe of Ege Upp {Rampage Str+3 Dex-4
                  | Slay+6}
 10569 | D:9      | Noticed a troll
 10581 | D:9      | Killed a troll
 10581 | D:9      | Reached *** piety under Okawaru
 10953 | D:9      | Reached skill level 10 in Long Blades
 11082 | D:9      | Reached XP level 10. HP: 85/88 MP: 11/11
 11088 | D:9      | Reached **** piety under Okawaru
 11591 | D:10     | Entered Level 10 of the Dungeon
 11733 | D:10     | Found a runed translucent door.
 11733 | D:10     | Found a shimmering altar of Xom.
 11733 | D:10     | Noticed Lightli's ghost (novice DrNe)
 11742 | D:10     | Noticed Josephine
 12318 | D:10     | Killed Josephine
 12319 | D:10     | Reached skill level 11 in Long Blades
 12539 | D:10     | Noticed a +1 hand axe of chaos
 12667 | D:10     | Noticed a cane toad
 12668 | D:10     | Noticed a cane toad
 12706 | D:11     | Killed a cane toad
 12985 | D:10     | Killed a cane toad
 12988 | D:10     | Reached ***** piety under Okawaru
 13120 | D:10     | Found a staircase to the Lair.
 13276 | D:10     | Noticed Nergalle
 13297 | D:10     | Killed Nergalle
 13646 | D:10     | Reached skill level 5 in Invocations
 13646 | D:10     | Reached XP level 11. HP: 78/92 MP: 11/13
 14014 | D:11     | Noticed a red ugly thing
 14033 | D:11     | Killed a red ugly thing
 14238 | D:11     | Found Pon Aque's Weapon Shop.
 14257 | D:11     | Received a gift from Okawaru
 14406 | D:11     | Found a transporter.
 14406 | D:11     | Found Qetz's Assorted Antiques.
 14502 | D:11     | Found Cuahumo's Magic Scroll Shoppe.
 14515 | D:11     | Found a transporter.
 14577 | D:11     | Reached skill level 12 in Long Blades
 14691 | D:11     | Found a blossoming altar of Fedhas.
 14691 | D:11     | Noticed a two-headed ogre
 14698 | D:11     | Killed a two-headed ogre
 14707 | D:11     | Reached skill level 5 in Evocations
 15380 | D:11     | Found a roughly hewn altar of Beogh.
 15816 | D:11     | Found Ityuf's General Store.
 15864 | D:11     | Found a staircase to the Orcish Mines.
 16641 | Lair:1   | Entered Level 1 of the Lair of Beasts
 16714 | Lair:1   | Reached skill level 10 in Armour
 16866 | Lair:1   | Received a gift from Okawaru
 16983 | Lair:1   | Reached skill level 10 in Fighting
 17553 | Lair:2   | Noticed a five-headed hydra
 17558 | Lair:2   | Killed a five-headed hydra
 17559 | Lair:2   | Reached skill level 13 in Long Blades
 17559 | Lair:2   | Reached skill level 1 in Throwing
 17559 | Lair:2   | Reached skill level 10 in Shields
 17797 | Lair:2   | Reached XP level 12. HP: 106/106 MP: 15/15
 17820 | Lair:2   | Received a gift from Okawaru
 18099 | Lair:2   | Identified the orb of Koank {*Rage, Rampage Fly}
 18296 | Lair:2   | Found a hole to the Spider Nest.
 18747 | Lair:2   | Received a gift from Okawaru
 18761 | Lair:2   | Identified the orb of Leapfrog {*Rage, SInv Alchemy}
 19865 | Lair:3   | Reached skill level 14 in Long Blades
 20518 | Lair:3   | Received a gift from Okawaru
 20654 | Lair:3   | Found a staircase to the Swamp.
 21772 | Lair:4   | Reached XP level 13. HP: 43/116 MP: 8/17
 24218 | D:11     | Bought a scroll of acquirement for 676 gold pieces
 24218 | D:11     | Acquired a +4 vampiric triple sword
 24940 | Lair:4   | Received a gift from Okawaru
 25159 | Lair:5   | Entered Level 5 of the Lair of Beasts
 25159 | Lair:5   | Found a viscous altar of Jiyva.
 25159 | Lair:5   | Found a staircase to the Slime Pits.
 25532 | Lair:5   | Reached skill level 15 in Long Blades
 25818 | Lair:5   | Reached skill level 5 in Throwing
 25995 | Lair:5   | Slain by a blink frog

Illustrated notes

Levels and vault maps discovered:
D:1:      saegor_arrival_simple_e, layout_loops_ring, serial_shops, shop
D:2:      layout_basic, serial_shops, shop, nicolae_square_shop,
          nicolae_shop_window_shopping, minmay_rat_hole
D:3:      layout_loops_cross, kennysheep_generic_room_7
D:4:      layout_layer_cave, grunt_temple_overflow_open
D:5:      layout_rooms, temple_green
D:6:      layout_rooms, portal_sewer_entry_b, serial_shops, shop
D:7:      layout_loops_ring, serial_aquarium, aquarium_bridge_square
          [aquarium_subvault_wall, aquarium_subvault_balcony,
          aquarium_subvault_bridge, aquarium_subvault_window],
          aquarium_window_1, aquarium_window_fake, aquarium_window_fake,
          aquarium_window_fake, aquarium_view_2a, aquarium_balcony_1b
D:8:      layout_basic
D:9:      layout_loops_ring
D:10:     layout_basic, dpeg_lair_monsters, ebering_ghost_xom, uniq_nergalle,
          uniq_josephine
D:11:     layout_loops_ring, erik_orc_1, serial_shops,
          nicolae_shop_competitors_out_of_business, nicolae_shop_drivethru,
          nicolae_shop_real_fake_doors, shop_fountains, special_room
          [special_room_orc], serial_bayou_lagoon_a, fedhas_ov_isle_minmay
Temple:   mainiacjoe_temple_cubbyholes
Lair:1:   layout_small_grid
Lair:2:   layout_roguey, nicolae_spider_entry_lesser_pyramids,
          beast_lair_carwin_2
Lair:3:   layout_cave_pods, nicolae_swamp_entry_splash_gauntlet,
          nicolae_lair_run_with_the_wolves
Lair:4:   layout_regular_city, serial_bayou, serial_bayou_shore_b,
          serial_bayou_lagoon_b, serial_bayou_pond_a, serial_bayou_shore_b,
          serial_bayou_pond_c, serial_bayou_crossing, nicolae_lair_lil_pond,
          nicolae_lair_liquid_snakes
Lair:5:   hangedman_lair_in_review, layout_cellular_growth,
          hangedman_lair_caniforms_friends, slime_entry_1, serial_bayou_pond_e

Skill      XL: |  1  2  3  4  5  6  7  8  9 10 11 12 13 |
---------------+----------------------------------------+-----
Fighting       | 4 5 6 7 8 9 10 11 | 11.9
Long Blades    | 3 4 5 7 8 10 11 13 14 15 | 15.4
Armour         | 4 5 6 7 8 9 10 11 | 11.9
Shields        | 4 5 6 7 8 9 10 11 | 11.2
Invocations    | 2 3 5 6 7 8 |  8.0
Evocations     | 1 3 4 5 6 7 |  7.2
Throwing       | 1 3 5 |  5.2

Action                     |  1- 3 |  4- 6 |  7- 9 | 10-12 | 13-15 || total
---------------------------+-------+-------+-------+-------+-------++-------
  Melee: Long sword        |    80 |   181 |   402 |  1078 |   200 ||  1941
         Headbutt          |    10 |    33 |    73 |   250 |   101 ||   467
         Triple sword      |       |       |       |       |   140 ||   140
  Throw: Throwing net      |       |       |       |     2 |       ||     2
         Javelin           |       |       |       |     8 |     2 ||    10
         Dart              |       |       |       |       |     3 ||     3
         Boomerang         |       |       |       |       |     3 ||     3
 Invoke: Heroism           |       |       |     1 |     5 |     1 ||     7
  Evoke: Wand              |       |       |       |     7 |    15 ||    22
    Use: Scroll            |       |     3 |    10 |     9 |     3 ||    25
         Potion            |       |     1 |     7 |     7 |     4 ||    19
 Armour: Scale mail        |    69 |   129 |       |       |       ||   198
         Chain mail        |       |    39 |   500 |   107 |       ||   646
         Plate armour      |       |       |       |   856 |   467 ||  1323
  Dodge: Dodged            |    27 |    96 |   205 |   315 |   163 ||   806
  Block: Buckler           |    17 |    45 |   126 |   299 |    61 ||   548

Table legend: (Time is in decaauts)
 A = Elapsed time spent in this place.
 B = Non-inter-level travel time spent in this place.
 C = Inter-level travel time spent in this place.
 D = Time resting spent in this place.
 E = Time spent auto-exploring this place.
 F = Levels seen in this place.
 G = Mean time per level.
                   A        B        C        D        E       F      G
               +--------+--------+--------+--------+--------+-----+--------+
         Total |  25889 |  23774 |   2115 |   8142 |  12102 |  17 | 1522.9 |
       Dungeon |  16713 |  15604 |   1109 |   5298 |   7947 |  11 | 1519.4 |
        Temple |    476 |     45 |    431 |      0 |     28 |   1 |  476.0 |
          Lair |   8699 |   8124 |    575 |   2844 |   4127 |   5 | 1739.8 |
               +--------+--------+--------+--------+--------+-----+--------+

Top non-repeatable levels by time:
  Lair:4: 2988 daAuts
    D:11: 2907 daAuts
  Lair:3: 2497 daAuts
    D:10: 1909 daAuts
     D:4: 1898 daAuts
     D:9: 1753 daAuts
     D:7: 1651 daAuts
  Lair:2: 1548 daAuts
     D:2: 1484 daAuts
     D:5: 1478 daAuts
     D:3: 1397 daAuts
  Lair:1: 1146 daAuts
     D:8: 1046 daAuts
     D:1: 670 daAuts
  Lair:5: 518 daAuts
